 Dungeon Crawl Stone Soup version 0.21.1-1-g345015fe64 (webtiles) character file.

9598 Gargoyl the Protected (level 11, -4/91 HPs)
             Began as a Centaur Abyssal Knight on Apr 1, 2018.
             Was a Priest of Lugonu.
             Slain by Gastronok (18 damage)
             ... on level 10 of the Dungeon.
             The game lasted 00:29:12 (19587 turns).

Gargoyl the Protected (Centaur Abyssal Knight)     Turns: 19587, Time: 00:29:13

Health: -4/91      AC: 15    Str: 16    XL:     11   Next: 25%
Magic:  11/18      EV:  3    Int: 11    God:    Lugonu [***...]
Gold:   664        SH:  3    Dex: 11    Spells: 10/10 levels left

rFire    . . .     SeeInvis .   a - +3 hand axe
rCold    . . .     Gourm    .   h - +0 buckler
rNeg     . . .     Faith    .   z - +0 plate armour
rPois    .         Spirit   .   r - +0 helmet
rElec    .         Reflect  .   v - +1 cloak
rCorr    .         Harm     .   (no gloves)
MR       ++...                  (no barding)
Stlth    ..........             (no amulet)
HPRegen  0.25/turn              f - ring of protection from magic
MPRegen  0.16/turn              x - ring of protection from magic

@: drained, very quick
A: large, hooves 3, deformed body, speed 2, high mp 1, tough skin 3, evolution 1
a: Depart the Abyss, Bend Space, Banish, Renounce Religion


You were on level 10 of the Dungeon.
You worshipped Lugonu.
Lugonu was most pleased with you.
You were not hungry.

You visited 1 branch of the dungeon, and saw 10 of its levels.
You visited the Abyss 1 time.

You collected 872 gold pieces.
You spent 208 gold pieces at shops.

Inventory:

Hand Weapons
 a - a +3 hand axe (weapon)
Missiles
 p - 19 tomahawks (quivered)
Armour
 h - a +0 buckler (worn)
 r - a +0 helmet (worn)
 v - a +1 cloak (worn)
 z - a +0 plate armour (worn)
Jewellery
 f - a ring of protection from magic (left hand)
 w - an uncursed ring of flight
 x - a ring of protection from magic (right hand)
Wands
 o - a wand of polymorph (27)
Scrolls
 g - a scroll of remove curse
 i - 4 scrolls of teleportation
 l - 2 scrolls of amnesia
 n - a scroll of identify
Potions
 b - a potion of cancellation {unknown}
 k - a potion of haste {unknown}
 m - 2 potions of brilliance
 q - 4 potions of flight
 s - 2 potions of agility
 u - 2 potions of resistance
Books
 d - a book of Cantrips

   Spells                             Type                      Level
   a - Confusing Touch                Hexes                        1
   b - Animate Skeleton               Necromancy                   1
   c - Summon Small Mammal            Summoning                    1
   d - Apportation                    Translocation                1
 t - a book of Geomancy

   Spells                             Type                      Level
   a - Sandblast                      Earth                        1
   b - Passwall                       Transmutation/Earth          2
   c - Stone Arrow                    Conjuration/Earth            3
   d - Petrify                        Transmutation/Earth          4
   e - Lee's Rapid Deconstruction     Earth                        5
 y - a book of Necromancy

   Spells                             Type                      Level
   a - Pain                           Necromancy                   1
   b - Animate Skeleton               Necromancy                   1
   c - Vampiric Draining              Necromancy                   3
   d - Regeneration                   Charms/Necromancy            3
   e - Animate Dead                   Necromancy                   4
   f - Borgnjor's Vile Clutch         Necromancy/Earth             5
 A - a book of Minor Magic

   Spells                             Type                      Level
   a - Magic Dart                     Conjuration                  1
   b - Blink                          Translocation                2
   c - Call Imp                       Summoning                    2
   d - Slow                           Hexes                        2
   e - Conjure Flame                  Conjuration/Fire             3
   f - Mephitic Cloud                 Conjuration/Poison/Air       3
Comestibles
 c - 8 rations
 B - 3 chunks of flesh


   Skills:
 + Level 6.9(6.2) Fighting
 + Level 8.0(7.2) Axes
 + Level 1.0(0.4) Throwing
 * Level 9.0(8.2) Armour
 + Level 1.7(1.1) Dodging
 + Level 2.2(1.5) Shields
 * Level 8.3(7.6) Invocations
 + Level 0.7(0.1) Evocations


You had 10 spell levels left.
You didn't know any spells.

Dungeon Overview and Level Annotations

Branches:
Dungeon (10/15)            Temple (0/1) D:5
   Lair: D:8-11         Orc: D:9-12

Altars:
Cheibriados
Elyvilon
Fedhas
Gozag
Hepliaklqana
Nemelex Xobeh
Trog

Shops:
D:7 *   D:8 %

Annotations:
D:3 Peloso's ghost, novice MiFi
D:10 Gastronok


Innate Abilities, Weirdness & Mutations

You have hooves in place of feet.
Armour fits poorly on your strangely shaped body.
You cover ground very quickly.
You have extremely tough skin. (AC +3)
You have an increased reservoir of magic. (+10% MP)
You evolve.


Message History

The air twists around and strikes you!
Press: ? - help, Shift-Dir - straight line, f/p - Gastronok
Aim: Gastronok, wearing a glowing hat (severely wounded, chance to defeat MR: 37%) Gastronok resists with almost no effort.
You feel somewhat more hungry. You block the rat's attack.
You hit Gastronok but do no damage.
Gastronok is severely wounded.
You completely miss the rat. The rat bites you but does no damage.
You block Gastronok's attack.
You slash Gastronok! You kick Gastronok, but do no damage.
Gastronok is almost dead.
You hit the rat.
You kill the rat!
The rat's corpse disappears in a puff of smoke!
You hit Gastronok.
Gastronok is almost dead.
You hit Gastronok but do no damage. You kick Gastronok, but do no damage.
Gastronok is almost dead.
Gastronok bites you!!
You die...

#.####.#.#.###.#.#
#.#....#.#.....#.##
#.#.####.######....
#....#........#....
#....#.#.####.#.###
#....#.#.# #.#.#
#....#.#.####.#.#
#ยง...#.#....#.#.# #
#####.@..#.####.#.#.#
# ........w..#.#
#.#.#.# #
#########.##.#
#.#.#.# # #.##.#
#.#.#.### #.##.#
#.#.#.#.. #.##.#
#.#.#.#.# ..##.#
#.#.#.#.# ####.#
#.#.#.#.# #.#
#.#.#.#.#


You could see Gastronok.

Vanquished Creatures
  A two-headed ogre (D:9)
  The ghost of BrokenGlass the Sneak, an amateur NaAr (D:6)
  Sigmund (D:3)
  2 yaks
  A human (D:7)
  3 hogs (D:7)
  A water moccasin (D:10)
  2 black bears
  An orc warrior (D:8)
  4 sky beasts
  An eye of draining (D:9)
  The ghost of alexplisov the Skirmisher, an amateur HOFi of Trog (D:4)
  2 phantoms
  2 ice beasts (D:5)
  3 necrophages
  4 ogres
  5 centaurs
  A big kobold (D:9)
  4 bullfrogs
  7 scorpions
  4 killer bees (D:7)
  4 wights (D:7)
  4 howler monkeys
  3 centaur zombies
  A bullfrog zombie (D:7)
  6 crimson imps
  A quasit (D:9)
  8 hounds
  3 jellies
  10 orc priests
  Terence (D:2)
  Jessica (D:2)
  3 iguanas
  4 worker ants
  Natasha (thrice) (D:3)
  8 orc wizards
  2 hound zombies
  2 worker ant zombies (D:8)
  Robin (D:2)
  9 gnolls
  12 adders
  2 shadow imps
  An adder skeleton (D:4)
  5 worms
  3 dart slugs
  4 leopard geckos
  38 orcs
  3 bats
  7 giant cockroaches
  17 goblins
  11 hobgoblins
  13 jackals
  5 quokkas
  6 frilled lizards
  6 kobolds
  6 rats
264 creatures vanquished.

Vanquished Creatures (collateral kills)
  An ogre (D:8)
  A bullfrog skeleton (D:8)
2 creatures vanquished.

Vanquished Creatures (others)
  3 two-headed ogres
  The ghost of syranez the Firebug, a novice OpFE of Sif Muna (D:9)
  An unseen horror (D:9)
  A hippogriff (D:8)
  A warg (D:6)
  2 orc warriors
  A wight (D:7)
  A crimson imp (D:6)
  An orc priest (D:8)
  A hound (D:8)
  A kobold (D:9)
14 creatures vanquished.

Grand Total: 280 creatures vanquished

Notes
Turn   | Place    | Note
-------+----------+-------------------------------------------
     0 | Abyss:1  | Gargoyl the Centaur Abyssal Knight began the quest for the Orb.
     0 | Abyss:1  | Reached XP level 1. HP: 19/19 MP: 2/2
    62 | Abyss:1  | Noticed a chaos spawn
    72 | Abyss:1  | Noticed a sixfirhy
    74 | D:1      | Escaped the Abyss
   582 | D:1      | Reached XP level 2. HP: 24/26 MP: 3/3
   744 | D:1      | Reached * piety under Lugonu
  1172 | D:1      | Reached XP level 3. HP: 28/31 MP: 4/4
  1414 | D:2      | Reached skill level 2 in Armour
  1464 | D:2      | Noticed Terence
  1478 | D:2      | Killed Terence
  1478 | D:2      | Reached XP level 4. HP: 20/40 MP: 4/6
  1678 | D:2      | Found an opulent altar of Gozag.
  1943 | D:2      | Noticed Jessica
  1950 | D:2      | Killed Jessica
  2245 | D:2      | Reached ** piety under Lugonu
  2285 | D:2      | Reached XP level 5. HP: 46/46 MP: 7/7
  2288 | D:2      | Noticed Robin
  2295 | D:2      | Killed Robin
  2921 | D:3      | Noticed Peloso's ghost (novice MiFi)
  3174 | D:3      | Noticed Natasha
  3182 | D:3      | Killed Natasha
  3182 | D:3      | Reached skill level 3 in Armour
  3240 | D:3      | Noticed Natasha
  3253 | D:3      | Killed Natasha
  3417 | D:5      | Entered Level 5 of the Dungeon
  3429 | D:5      | Reached XP level 6. HP: 14/52 MP: 8/8
  4305 | D:4      | Noticed alexplisov's ghost (amateur HOFi)
  4732 | D:5      | Reached skill level 1 in Dodging
  4948 | D:5      | Reached XP level 7. HP: 28/59 MP: 10/10
  5137 | D:4      | Reached *** piety under Lugonu
  5556 | D:4      | Killed alexplisov's ghost
  5556 | D:4      | Reached skill level 4 in Armour
  5865 | D:3      | Noticed Natasha
  5880 | D:3      | Killed Natasha
  5880 | D:3      | Reached skill level 1 in Shields
  6267 | D:3      | Noticed Sigmund
  6679 | D:3      | Killed Sigmund
  7412 | D:3      | Found a snail-covered altar of Cheibriados.
  8527 | D:4      | Reached XP level 8. HP: 31/66 MP: 11/11
  8783 | D:5      | Gained mutation: Your spells are a little easier to cast, but a little less powerful. [potion of mutation]
  8783 | D:5      | Gained mutation: Your spells are easier to cast, but less powerful. [potion of mutation]
  8783 | D:5      | Gained mutation: You are resistant to hostile enchantments. (MR+) [potion of mutation]
  8784 | D:5      | Lost mutation: Your spells are easier to cast, but less powerful. [potion of mutation]
  8784 | D:5      | Lost mutation: You are resistant to hostile enchantments. (MR+) [potion of mutation]
  8784 | D:5      | Gained mutation: You are somewhat resistant to further mutation. [potion of mutation]
  8835 | D:5      | Found a bloodstained altar of Trog.
  9081 | D:5      | Reached skill level 5 in Armour
  9184 | D:5      | Found a staircase to the Ecumenical Temple.
  9236 | D:6      | Found a sparkling altar of Nemelex Xobeh.
  9503 | D:5      | Reached skill level 5 in Invocations
  9519 | D:5      | HP: 3/67 [ice beast (14)]
  9831 | D:6      | Noticed BrokenGlass's ghost (amateur NaAr)
  9851 | D:6      | Killed BrokenGlass's ghost
  9851 | D:6      | Reached skill level 5 in Axes
 10242 | D:6      | Found a white marble altar of Elyvilon.
 10485 | D:7      | Reached XP level 9. HP: 49/73 MP: 13/13
 10605 | D:7      | Reached skill level 6 in Armour
 12962 | D:7      | Reached skill level 5 in Fighting
 12965 | D:7      | Found a hazy altar of Hepliaklqana.
 12989 | D:7      | Found Joerph's General Store.
 13000 | D:7      | Bought a potion of heal wounds for 80 gold pieces
 13000 | D:7      | Bought a potion of mutation for 128 gold pieces
 13003 | D:7      | Lost mutation: Your spells are a little easier to cast, but a little less powerful. [potion of mutation]
 13003 | D:7      | Lost mutation: You are somewhat resistant to further mutation. [potion of mutation]
 13003 | D:7      | Gained mutation: You evolve. [potion of mutation]
 13003 | D:7      | Gained mutation: Your muscles are strong. (Str +2) [potion of mutation]
 13044 | D:7      | Reached skill level 7 in Armour
 13068 | D:7      | HP: 3/74 [poisoned by a killer bee]
 13078 | D:8      | Found a flagged portal.
 13309 | D:8      | Lost mutation: Your muscles are strong. (Str +2) [evolution]
 14069 | D:7      | HP: 1/75 [wight/great sword (4)]
 14405 | D:7      | Reached XP level 10. HP: 44/83 MP: 13/15
 14792 | D:8      | Found a blossoming altar of Fedhas.
 14842 | D:8      | Noticed a two-headed ogre
 14948 | D:9      | Noticed syranez's ghost (novice OpFE)
 14962 | D:9      | Banished syranez's ghost
 15429 | D:9      | Noticed a two-headed ogre
 15431 | D:9      | Banished a two-headed ogre
 15474 | D:8      | Found Deurphoda's Food Shop.
 15522 | D:8      | Reached skill level 8 in Armour
 16385 | D:8      | Found a bloodstained altar of Trog.
 16387 | D:8      | Noticed a two-headed ogre
 16401 | D:8      | Banished a two-headed ogre
 16735 | D:8      | Banished a two-headed ogre
 16867 | D:9      | Banished an unseen horror
 17584 | D:9      | Noticed a two-headed ogre
 17595 | D:9      | Killed a two-headed ogre
 17595 | D:9      | Reached skill level 1 in Throwing
 17595 | D:9      | Reached XP level 11. HP: 26/91 MP: 15/17
 18757 | D:9      | Gained mutation: You have an increased reservoir of magic. (+10% MP) [evolution]
 18925 | D:10     | Entered Level 10 of the Dungeon
 19379 | D:10     | Reached skill level 9 in Armour
 19548 | D:10     | Noticed Gastronok
 19580 | D:10     | HP: 3/90 [Gastronok (22)]
 19587 | D:10     | Slain by Gastronok

Skill      XL: |  1  2  3  4  5  6  7  8  9 10 11 |
---------------+----------------------------------+-----
Axes           | 2 3 4 5 6 7 8 |  8.0
Armour         | 2 3 4 5 7 8 9 |  9.0
Invocations    | 3 4 5 6 8 |  8.3
Fighting       | 4 5 6 |  6.9
Dodging        | 1 |  1.7
Shields        | 1 2 |  2.2
Throwing       | 1 |  1.0
Evocations     | |  0.7

Action                   |  1- 3 |  4- 6 |  7- 9 | 10-12 || total
-------------------------+-------+-------+-------+-------++-------
Melee: Hand axe          |    89 |   208 |   587 |   476 ||  1360
       Kick              |    12 |    51 |   152 |   135 ||   350
       Unarmed           |       |    10 |       |       ||    10
Throw: Tomahawk          |       |     8 |     4 |     2 ||    14
Invok: Depart the Abyss  |     1 |       |       |       ||     1
       Banish            |       |       |     8 |    10 ||    18
       Bend Space        |       |       |     1 |       ||     1
Evoke: Wand              |       |     1 |     2 |       ||     3
  Use: Potion            |     1 |     2 |     8 |     3 ||    14
       Scroll            |       |     6 |    12 |     5 ||    23
 Stab: Confused          |       |     1 |       |       ||     1
  Eat: Chunk             |     1 |     4 |    12 |     8 ||    25
       Ration            |       |     2 |     5 |     3 ||    10
Armor: Chain mail        |    88 |   179 |   303 |       ||   570
       Skin              |       |     1 |    12 |       ||    13
       Plate armour      |       |       |   208 |   341 ||   549
Dodge: Dodged            |    21 |    54 |   148 |    73 ||   296
Block: Buckler           |     4 |    36 |    98 |    80 ||   218
